 Dungeon Crawl Stone Soup version 0.17-a0-1716-gdf19ebb (webtiles) character file.

29 MasterCK the Skirmisher (level 3, 0/29 HPs)
             Began as a Demonspawn Abyssal Knight on Aug 24, 2015.
             Was a Follower of Lugonu.
             Slain by an adder (5 damage)
             ... on level 3 of the Dungeon.
             The game lasted 00:07:56 (1784 turns).

MasterCK the Skirmisher (Demonspawn Abyssal Knight) Turns: 1784, Time: 00:07:57

Health: 0/29       AC:  3    Str: 13    XL:     3   Next: 1%
Magic:  5/5        EV: 11    Int: 13    God:    Lugonu [*.....]
Gold:   27         SH:  0    Dex: 12    Spells: 0 memorised, 2 levels left

rFire  + . .     SeeInvis .     r - -3 long sword (curse)
rCold  . . .     Clarity  .     b - +0 leather armour
rNeg   . . .     SustAt   .     (no shield)
rPois  .         Gourm    .     (no helmet)
rElec  .         Spirit   .     (no cloak)
rCorr  .         Warding  .     (no gloves)
rMut   .         Stasis   .     (no boots)
MR     .....                    (no amulet)
Stlth  +.........               (no ring)
                                (no ring)

@: not resistant to hostile enchantments, very unstealthy
A: fire resistance 1, powered by pain 1
a: Depart the Abyss, Renounce Religion


You were on level 3 of the Dungeon.
You worshipped Lugonu.
Lugonu was aware of your devotion.
You were not hungry.

You visited 1 branch of the dungeon, and saw 3 of its levels.
You visited the Abyss 1 time.

You collected 27 gold pieces.

Inventory:

Hand weapons
 a - a +1 falchion
 d - a +0 hand axe
 i - a +0 dagger
 j - a +0 club
 k - a +0 club
 l - a +0 club
 m - a cursed +0 club
 r - a cursed -3 long sword (weapon)
 t - a +0 whip
 u - a +0 long sword
 v - a +0 hand axe
 x - a +0 dagger
Missiles
 e - 20 sling bullets
 f - 18 bolts
 n - 32 stones (quivered)
 w - 13 arrows
 y - 5 javelins
Armour
 b - a +0 leather armour (worn)
 o - a +0 leather armour
 q - a +0 leather armour
 A - a +0 chain mail
Scrolls
 g - a scroll of fog
 h - a scroll of magic mapping
 s - a scroll of identify
Potions
 z - a potion of resistance
Comestibles
 c - a bread ration
 p - a beef jerky


   Skills:
 + Level 3.6 Fighting
 + Level 1.8 Long Blades
 + Level 1.9 Armour
 + Level 1.2 Dodging
 + Level 3.0 Invocations


You had 2 spell levels left.
You didn't know any spells.

Dungeon Overview and Level Annotations

Branches:
Dungeon (3/15)

Altars:
The Shining One


Innate Abilities, Weirdness & Mutations

Your flesh is heat resistant.
You sometimes gain a little power by taking damage.


Message History

You have reached level 3!
Your experience leads to an increase in your attributes!
Increase (S)trength, (I)ntelligence, or (D)exterity?
You feel stronger.
Your demonic ancestry asserts itself...
You feel energised by your suffering. The adder barely misses you.
The adder misses you.
You barely miss the adder. The adder closely misses you.
You hit the adder but do no damage. The adder bites you but does no damage.
The adder bites you.
You hit the adder.
The adder is moderately wounded.
The adder barely misses you. The adder bites you.
You hit the adder.
The adder is heavily wounded.
The adder bites you.
* * * LOW HITPOINT WARNING * * *
You miss the adder.
The adder is moderately wounded.
The adder bites you but does no damage. The adder bites you.
You die...

#.#.>. #....## .
##..... .
.....##.#.# #
#.....#!#.#
#..###..).......
#)....S........#
#)@.....# #.......#
#.######.##..##
...........<.<####
#.######...........
####........
##.###... .# #. ..


You could see an adder.

Vanquished Creatures
  An adder (D:3)
  An orc (D:3)
  A ball python (D:2)
  2 giant cockroaches
  6 hobgoblins
  2 kobolds (D:2)
  A giant gecko (D:1)
  3 goblins
  2 rats (D:1)
19 creatures vanquished.

Notes
Turn   | Place    | Note
--------------------------------------------------------------
     0 | Abyss:1  | MasterCK the Demonspawn Abyssal Knight began the quest for the Orb.
     0 | Abyss:1  | Reached XP level 1. HP: 18/18 MP: 2/2
    65 | Abyss:1  | Noticed an orc sorcerer
    66 | D:1      | Escaped the Abyss
   560 | D:1      | Acquired Lugonu's first power
   561 | D:1      | Reached skill level 1 in Dodging
   561 | D:1      | Gained mutation: Your flesh is heat resistant. [demonic ancestry]
   561 | D:1      | Reached XP level 2. HP: 6/24 MP: 3/3
  1334 | D:2      | Found a glowing golden altar of the Shining One.
  1779 | D:3      | Gained mutation: You sometimes gain a little power by taking damage. [demonic ancestry]
  1779 | D:3      | Reached XP level 3. HP: 15/29 MP: 5/5
  1784 | D:3      | Slain by an adder

Vault maps used:
D:1:      lemuel_arrival_rhombus
D:2:      tso_metal_star
D:3:      lemuel_round_altar, minmay_cupped

Action                   || total
-------------------------++-------
Melee: Falchion          ||    20
       Long sword        ||    36
Invok: Depart the Abyss  ||     1
  Use: Scroll            ||     6
       Potion            ||     3
  Eat: Bread ration      ||     1
